 Dungeon Crawl Stone Soup version 0.29.1-1-gd02db6906a (webtiles) character file.

Game seed: 5029034472773536327

152 experimilk the Cudgeller (level 5, -1/43 HPs)
             Began as a Palentonga Fighter on Oct 21, 2022.
             Slain by a gnoll
             ... wielding a +0 flail
              (4 damage)
             ... on level 3 of the Dungeon.
             The game lasted 00:04:57 (2591 turns).

experimilk the Cudgeller (Palentonga Fighter)       Turns: 2591, Time: 00:04:57

Health: -1/43      AC:  6    Str: 23    XL:     5   Next: 11%
Magic:  5/5        EV:  7    Int:  9    God:
Gold:   83         SH:  4    Dex:  9    Spells: 4/4 levels left

rFire   . . .      SeeInvis +   a - +0 flail
rCold   . . .      Faith    .   c - +0 buckler
rNeg    . . .      Spirit   .   b - +0 scale mail
rPois   .          Reflect  .   (no helmet)
rElec   .          Harm     .   (no cloak)
rCorr   .          Rampage  .   (no gloves)
Will    .....                   (no barding)
Stlth   ..........              (no amulet)
HPRegen 0.14/turn               (no ring)
MPRegen 0.09/turn               (no ring)

@: no status effects
A: large, rugged brown scales 3, see invisible, deformed body, roll 1, armoured
tail
a: Rolling Charge


You were on level 3 of the Dungeon.
You visited 1 branch of the dungeon, and saw 3 of its levels.

You collected 83 gold pieces.

Inventory:

Hand Weapons
 a - a +0 flail (weapon)
Missiles
 j - 3 throwing nets
 l - 4 atropa-tipped darts
Armour
 b - a +0 scale mail (worn)
 c - a +0 buckler (worn)
Wands
 i - a wand of acid (4)
Scrolls
 f - a scroll of amnesia
 h - a scroll of poison {unknown}
 k - a scroll of silence {unknown}
Potions
 d - 2 potions of might
 e - a potion of attraction
 g - 2 potions of cancellation
 m - a potion of heal wounds {unknown}
 n - a potion of invisibility {unknown}


   Skills:
 - Level 3.0 Fighting
 * Level 4.9 Maces & Flails
 - Level 2.4 Armour
 - Level 2.6 Shields
 + Level 1.7 Evocations


You had 4 spell levels left.
You didn't know any spells.
Your spell library contained the following spells:

 Spells                   Type           Power      Damage    Failure   Level
 Call Canine Familiar     Summ           0%         N/A       98%         3
 Portal Projectile        Hex/Tloc       0%         N/A       98%         3
 Leda's Liquefaction      Hex/Erth       0%         N/A       100%        4


Dungeon Overview and Level Annotations

Branches:
Dungeon (3/15)

Altars:


Innate Abilities, Weirdness & Mutations

You are completely covered in rugged brown scales. (AC +3, +7% HP)
You have supernaturally acute eyesight. (SInv)
Armour fits poorly on your strangely shaped body.
You can roll at nearby foes to attack.
You have a long armoured tail.


Message History

You closely miss the ball python.
The gnoll shouts!
You hear a shout!
The ball python bites you but does no damage.
A gnoll comes into view. It is wielding a +0 flail.
A gnoll comes into view. It is wielding a +0 halberd.
The ball python bites you.
You sock the ball python!
You kill the ball python!
You see here a ball python corpse.
Roll where?
Press: ? - help, Dir - move target, f - gnoll
Aim: a gnoll, wielding a +0 spear You roll forward with a clatter of scales!
You sock the gnoll!
You kill the gnoll!
Unknown command.
The gnoll hits you from afar with a +0 halberd!
Things that are here:
a +0 spear; a gnoll corpse You closely miss the gnoll.
The gnoll barely misses you. The gnoll hits you with a +0 halberd!
The gnoll hits you but does no damage.
You hit the gnoll.
The gnoll is heavily wounded.
The gnoll barely misses you. The gnoll hits you with a +0 flail!
You hit the gnoll but do no damage.
The gnoll is heavily wounded.
The gnoll barely misses you. The gnoll hits you with a +0 flail.
* * * LOW HITPOINT WARNING * * *
The gnoll hits you with a +0 flail.
* * * LOW HITPOINT WARNING * * *
The gnoll barely misses you.
You barely miss the gnoll.
The gnoll is heavily wounded.
The gnoll hits you but does no damage. x2
You hit the gnoll.
The gnoll is heavily wounded.
The gnoll hits you with a +0 halberd.
* * * LOW HITPOINT WARNING * * *
The gnoll hits you with a +0 flail.
You die...

#.#####...######
........#......#
######...####.#
##.## #.# #.#
#.# #
#.#####.#####
#.†.)@g.....#
##.)g.......#
#.####.##### #.#
.# .#. # .# # ##


You could see 2 gnolls.

Vanquished Creatures
  8 gnolls
  2 adders (D:2)
  An orc (D:3)
  4 ball pythons
  4 endoplasms (D:1)
  6 giant cockroaches
  2 hobgoblins (D:1)
  4 jackals (D:2)
  4 kobolds
  6 quokkas
  3 bats
  2 frilled lizards (D:1)
  5 goblins
  5 rats
56 creatures vanquished.

Notes
Turn   | Place    | Note
-------+----------+-------------------------------------------
     0 | D:1      | experimilk the Palentonga Fighter began the quest for the
                  | Orb.
     0 | D:1      | Reached XP level 1. HP: 19/19 MP: 1/1
   498 | D:1      | Reached XP level 2. HP: 5/25 MP: 2/2
   871 | D:1      | Reached skill level 3 in Maces & Flails
  1109 | D:1      | Reached XP level 3. HP: 31/31 MP: 3/3
  1309 | D:2      | Reached skill level 4 in Maces & Flails
  1319 | D:2      | Reached skill level 1 in Evocations
  1319 | D:2      | Reached XP level 4. HP: 7/37 MP: 4/4
  2320 | D:2      | Reached XP level 5. HP: 43/43 MP: 5/5
  2591 | D:3      | Slain by a gnoll

Illustrated notes

Levels and vault maps discovered:
D:1:      minmay_arrival_loop, layout_rooms
D:2:      kennysheep_six_static_rooms, layout_basic,
          shapermc_ecumenical_altar_mp_vishouse, minmay_misc_feat_five
D:3:      layout_loops_ring, chequers_mini_garden

Skill      XL: |  1  2  3 |
---------------+----------+-----
Maces & Flails | 3 4 |  4.9
Evocations     | 1 |  1.7
Fighting       | |  3.0
Armour         | |  2.4
Shields        | |  2.6

Action                   |  1- 3 |  4- 6 || total
-------------------------+-------+-------++-------
Melee: Flail             |    80 |    67 ||   147
       Tailslap          |     4 |     7 ||    11
 Abil: Rolling Charge    |    20 |    12 ||    32
  Use: Scroll            |     2 |     1 ||     3
Armor: Scale mail        |    56 |    52 ||   108
Dodge: Dodged            |    44 |    27 ||    71
Block: Buckler           |    18 |    13 ||    31
